[Event "Titled Tuesday Blitz October 31 Early 2023"]
[White "Miszler, Levente"]
[Black "JuniorJumper"]
[WhiteFideId "763276"]
[WhiteElo "2441"]
[BlackElo "2611"]
[Result "0-1"]
[Round "7"]
[TimeControl "180+1"]
[Date "2023.10.31"]
[WhiteClock "0:01:28"]
[BlackClock "0:00:51"]
[Board "63"]

1. Nf3 d5 2. c4 d4 3. e3 Nc6 4. exd4 Nxd4 5. Nxd4 Qxd4 6. Nc3 Nf6 7. d3 g6 8. Be3 Qd8 9. d4 Bg7 10. Be2 O-O 11. Qd2 Bf5 12. f3 c6 13. O-O Re8 14. Rfd1 Qa5 15. Bh6 Rad8 16. Bxg7 Kxg7 17. Qe3 e5 18. d5 cxd5 19. cxd5 Nxd5 20. Nxd5 Rxd5 21. Rxd5 Qxd5 22. Qxa7 Qd2 23. Bb5 Rd8 24. Qf2 Qxf2+ 25. Kxf2 Rd2+ 26. Kg3 Rxb2 27. a4 e4 28. fxe4 Bxe4 29. Re1 Bxg2 30. Re7 Bd5 31. Rd7 Bc6 32. Bxc6 bxc6 33. Rc7 Rb3+ 34. Kg2 Rb2+ 35. Kg3 Rb3+ 36. Kg2 Ra3 37. Rxc6 Rxa4 38. Rc2 h5 39. Rd2 Rf4 40. Rc2 Rf5 41. Rd2 Kf6 42. Ra2 Kg5 43. Rb2 Ra5 44. Rc2 Kh6 45. Rc7 f6 46. Rc6 Rf5 47. Ra6 g5 48. Rb6 Kg6 49. Ra6 Rb5 50. Ra2 Kf5 51. Rf2+ Kg6 52. Ra2 Re5 53. Rb2 g4 54. Kg3 Re3+ 55. Kg2 Kg5 56. Rb8 Re2+ 57. Kg1 f5 58. Rb4 Re1+ 59. Kg2 Re2+ 60. Kg1 Re4 61. Rb2 Kf4 62. Rf2+ Kg5 63. Kh1 f4 64. Rf1 f3 65. Kg1 Kf4 66. Ra1 h4 67. Rb1 g3 68. h3 Rd4 69. Ra1 Ke3 70. Re1+ Kd2 71. Ra1 Ke2 72. Ra2+ Ke1 73. Kh1 f2 74. Ra1+ Rd1 0-1


[Site "https://www.chess.com"]

[Event "Titled Tuesday Blitz October 31 Early 2023"]
[White "alfianasybullina"]
[Black "Manukyan, Sargis A."]
[BlackFideId "13303970"]
[WhiteElo "2314"]
[BlackElo "2601"]
[Result "0-1"]
[Round "7"]
[TimeControl "180+1"]
[Date "2023.10.31"]
[WhiteClock "0:00:14"]
[BlackClock "0:00:07"]
[Board "64"]

1. d4 d5 2. Nf3 Nf6 3. c3 c5 4. dxc5 a5 5. b4 Nc6 6. b5 Nb8 7. e3 e6 8. Ba3 Nbd7 9. Nbd2 Bxc5 10. Bxc5 Nxc5 11. Be2 O-O 12. O-O b6 13. a4 Bb7 14. Nb3 Nxb3 15. Qxb3 Rc8 16. Rac1 Ne4 17. Rfd1 Qf6 18. c4 Rfd8 19. cxd5 Bxd5 20. Rxc8 Rxc8 21. Qa3 Nc3 22. Re1 Nxe2+ 23. Rxe2 Bxf3 24. gxf3 Qxf3 25. Rd2 h5 26. h4 Qg4+ 27. Kf1 Qxh4 28. Rd4 Qh1+ 29. Ke2 Qb1 30. Rd2 h4 31. Qd6 Qc1 32. Qxb6 Qc4+ 33. Kf3 f5 34. Qd4 Qc1 35. Re2 Qh1+ 36. Kf4 Qg2 37. Ke5 Qg6 38. Qxh4 Rc5+ 39. Kd4 Rd5+ 40. Kc3 Qf7 41. Qc4 Rd7 42. Rd2 Rc7 43. Rd8+ Kh7 44. Rd4 Rxc4+ 45. Kxc4 e5+ 46. Rd5 g5 47. b6 g4 48. Kc5 Kg6 49. Kc6 Kg5 50. b7 Qe8+ 51. Rd7 f4 52. exf4+ exf4 53. Kc7 g3 54. Rd8 Qe5+ 55. Rd6 Qc5+ 56. Rc6 Qe7+ 57. Kb6 Qd8+ 58. Ka7 Qd7 59. Ka8 Qxc6 60. Ka7 Qxb7+ 61. Kxb7 gxf2 0-1


[Site "https://www.chess.com"]

[Event "Titled Tuesday Blitz October 31 Early 2023"]
[White "Dragun, Kamil"]
[Black "Willy, Stephen"]
[WhiteFideId "1134167"]
[BlackFideId "30981468"]
[WhiteElo "2818"]
[BlackElo "2493"]
[Result "1-0"]
[Round "7"]
[TimeControl "180+1"]
[Date "2023.10.31"]
[WhiteClock "0:00:19"]
[BlackClock "0:00:00"]
[Board "66"]

1. d4 d5 2. c4 Nf6 3. cxd5 Nxd5 4. e4 Nf6 5. Nc3 e5 6. d5 Bc5 7. h3 c6 8. Nf3 O-O 9. Bg5 Qb6 10. Qd2 Nbd7 11. dxc6 bxc6 12. Bc4 Ba6 13. Bxa6 Qxa6 14. Qe2 Qxe2+ 15. Kxe2 Rab8 16. Rab1 Bd4 17. Nd2 Nh5 18. Rhc1 Nc5 19. b4 Ne6 20. Be3 Nhf4+ 21. Bxf4 Nxf4+ 22. Kf3 Nd3 23. a3 a5 24. bxa5 Nxc1 25. Rxc1 Rb2 26. Ncb1 c5 27. Rc4 f5 28. a6 fxe4+ 29. Kxe4 Ra8 30. Ra4 Rb6 31. a7 Rb7 32. f3 Raxa7 33. Rxa7 Rxa7 34. Nc4 Rb7 35. Nbd2 h6 36. Kd5 Rd7+ 37. Kc6 Re7 38. a4 Kf7 39. a5 Bc3 40. Ne4 Bb4 41. a6 Ke6 42. Nb6 Re8 43. Nd5 Ba5 44. Nxc5+ Kf7 45. a7 Rb8 46. axb8=Q 1-0


[Site "https://www.chess.com"]

[Event "Titled Tuesday Blitz October 31 Early 2023"]
[White "Liyanage, Ranindu Dilshan"]
[Black "Bilan, Danila"]
[WhiteFideId "9915834"]
[BlackFideId "24161918"]
[WhiteElo "2755"]
[BlackElo "2483"]
[Result "0-1"]
[Round "7"]
[TimeControl "180+1"]
[Date "2023.10.31"]
[WhiteClock "0:00:44"]
[BlackClock "0:00:07"]
[Board "67"]

1. c4 c6 2. Nf3 d5 3. e3 Nf6 4. b3 Bg4 5. Bb2 e6 6. h3 Bh5 7. Nc3 Nbd7 8. Be2 Bd6 9. O-O O-O 10. d4 Qe7 11. Qc2 Bg6 12. Bd3 e5 13. Bxg6 hxg6 14. cxd5 e4 15. dxc6 exf3 16. cxd7 Qxd7 17. Ne4 fxg2 18. Nxf6+ gxf6 19. Kxg2 Kg7 20. Qe2 Rae8 21. Qg4 f5 22. Qf3 Re4 23. Rad1 Rh8 24. Rh1 g5 25. d5+ f6 26. Kf1 Qb5+ 27. Qe2 Qd7 28. Rg1 Kg6 29. Qf3 Qb5+ 30. Qe2 Qd7 31. Rh1 Reh4 32. Qc4 Rxc4 33. bxc4 Qa4 34. Rc1 g4 35. Ke2 Qxa2 36. Rc2 Qb3 37. Kd2 Bb4+ 38. Kc1 Rxh3 39. Rg1 Rh2 40. Rd1 Bd6 41. c5 Bxc5 42. d6 Bxd6 43. Rxd6 Rh1+ 44. Rd1 Rxd1+ 45. Kxd1 a5 46. Kc1 a4 47. Rc3 Qb5 48. Kb1 Qf1+ 49. Ka2 Qxf2 50. Rc7 g3 51. Rxb7 g2 52. Rb6 g1=Q 53. Rxf6+ Kg5 54. Rf8 Qgf1 55. Rg8+ Kh5 56. Rh8+ Kg4 57. Rg8+ Kf3 58. Rc8 Qb5 0-1


[Site "https://www.chess.com"]

[Event "Titled Tuesday Blitz October 31 Early 2023"]
[White "Mekhitarian, Krikor Sevag"]
[Black "LouieKov2022"]
[WhiteFideId "2107660"]
[WhiteElo "2751"]
[BlackElo "2480"]
[Result "1-0"]
[Round "7"]
[TimeControl "180+1"]
[Date "2023.10.31"]
[WhiteClock "0:00:04"]
[BlackClock "0:00:00"]
[Board "68"]

1. Nf3 Nf6 2. c4 c6 3. d4 d5 4. Nc3 e6 5. cxd5 exd5 6. Bf4 Bd6 7. Bxd6 Qxd6 8. e3 Bf5 9. Nh4 Be6 10. Bd3 O-O 11. Qb3 b5 12. Rc1 Nbd7 13. Qc2 Nb6 14. O-O a5 15. h3 a4 16. Ne2 Rfc8 17. Qc5 Qb8 18. b3 axb3 19. axb3 Nbd7 20. Qc2 b4 21. Nf4 Ra3 22. Nf3 c5 23. Ng5 Qd6 24. Bxh7+ Kf8 25. Bf5 Bxf5 26. Qxf5 c4 27. Nh7+ Nxh7 28. Qxh7 Nf6 29. Qf5 Rc7 30. Qe5 Qd8 31. bxc4 dxc4 32. Qb5 Qd6 33. Rxc4 Rxc4 34. Qxc4 Rc3 35. Qb5 b3 36. Rb1 Qa3 37. Kh2 g6 38. Qb8+ Kg7 39. Qe5 Qa2 40. Nd5 Rc6 41. Nxf6 Qxb1 42. Nd7+ Kh7 43. Nf8+ Kg8 44. Qe8 Kg7 45. Qxc6 b2 46. Nd7 Qc1 47. Qf6+ Kg8 48. Qd8+ Kh7 49. Qe7 b1=Q 50. Qxf7+ Kh6 51. Qf4+ Kh7 52. Qf7+ Kh6 53. Ne5 Qf5 54. Qxf5 gxf5 55. Kg3 Kg5 56. Nf3+ Kf6 57. Ne5 Qc7 58. Kf3 Qg7 59. g3 Qh6 60. h4 Qh5+ 61. Kg2 Ke6 62. Nd3 Qg4 63. Nf4+ Kf6 64. Nh3 Qe4+ 65. Kh2 Qc2 66. Kg2 Qd1 67. Nf4 Kf7 68. Kh2 Kg7 69. Kg2 Kh6 70. Nh3 Kh5 71. Nf4+ Kg4 72. Nh3 Qf3+ 73. Kh2 Qe2 74. Kg2 Qf3+ 75. Kh2 Qe4 76. Ng1 Qc2 77. Kg2 Qd2 78. Nh3 Qe2 79. Ng1 Qd2 80. Nf3 Qc2 81. Ne5+ Kh5 82. Kg1 Qe4 83. Kh2 f4 84. gxf4 Kxh4 85. Kg1 Kh3 86. Kf1 Qc2 87. Nf3 Qd1+ 88. Ne1 Kg4 89. d5 Qxd5 90. Ke2 Qc4+ 91. Kd2 Qa2+ 92. Kd3 Qb1+ 93. Nc2 Qd1+ 94. Kc3 Qe2 95. Nd4 Qxf2 96. Kd3 Qa2 97. Ke4 Qc4 98. Ke5 Qd3 99. e4 Qd2 100. Ne6 Qb2+ 101. Kd5 Qb5+ 102. Kd6 Qb6+ 103. Ke5 Qb7 104. f5 Qe7 105. Kd5 Qf6 106. Nd4 Kf4 107. Ne6+ Kf3 108. Nc5 Qf7+ 109. Ne6 Qd7+ 110. Ke5 Qb5+ 111. Kf6 Kxe4 112. Ng5+ Kf4 113. Ne6+ Kg4 114. Ng7 Qb2+ 115. Kg6 Qb7 116. f6 Qc6 117. Kf7 Qd7+ 118. Kg6 Kf4 119. f7 1-0


[Site "https://www.chess.com"]

[Event "Titled Tuesday Blitz October 31 Early 2023"]
[White "Kopczynski, Michal"]
[Black "Korchmar, Vasiliy"]
[WhiteFideId "1124200"]
[BlackFideId "24131750"]
[WhiteElo "2482"]
[BlackElo "2746"]
[Result "1-0"]
[Round "7"]
[TimeControl "180+1"]
[Date "2023.10.31"]
[WhiteClock "0:00:25"]
[BlackClock "0:02:00"]
[Board "69"]

1. e4 c5 2. d4 d6 3. dxc5 Qa5+ 4. Nc3 Qxc5 5. Be3 Qb4 6. Qd2 g6 7. e5 dxe5 8. O-O-O Nc6 9. Nb5 Qxd2+ 10. Rxd2 Bd7 11. Nc7+ Kd8 12. Nxa8 Nf6 13. Bb5 Kc8 14. Nf3 Kb8 15. Rhd1 Bc8 16. Bxc6 bxc6 17. Rd8 Nd5 18. Nxe5 Bg7 19. Rxh8 Bxh8 20. Nxc6+ Kxa8 21. Rxd5 Be6 22. Rd8+ Kb7 23. Rxh8 1-0


[Site "https://www.chess.com"]

[Event "Titled Tuesday Blitz October 31 Early 2023"]
[White "Shuvalov, Evgenij"]
[Black "Weetik, Vjacheslav"]
[WhiteFideId "4187237"]
[BlackFideId "4153472"]
[WhiteElo "2469"]
[BlackElo "2727"]
[Result "0-1"]
[Round "7"]
[TimeControl "180+1"]
[Date "2023.10.31"]
[WhiteClock "0:00:04"]
[BlackClock "0:00:07"]
[Board "70"]

1. e4 c6 2. d4 d5 3. exd5 cxd5 4. c4 Nf6 5. Nc3 e6 6. Nf3 Be7 7. cxd5 Nxd5 8. Bd3 Nc6 9. O-O O-O 10. Re1 Nf6 11. a3 b6 12. Bc2 Ba6 13. h4 Rc8 14. h5 Nxh5 15. b4 Nf6 16. b5 Na5 17. bxa6 Rxc3 18. Bd2 Rc8 19. Bxa5 bxa5 20. Ne5 Qb6 21. Qd3 Rfd8 22. Rad1 g6 23. Bb3 Nd5 24. Qf3 f6 25. Ng4 Rc3 26. Rd3 Qxb3 27. Qe4 Rxd3 28. Qxe6+ Kg7 29. Ne3 Bf8 30. Ng4 h5 31. Ne5 fxe5 32. Qxe5+ Nf6 33. Qc7+ Qf7 34. Qxd8 Rxa3 35. Rb1 Be7 36. Qb8 Ng4 37. f3 Ra2 38. Qg3 Ne3 39. Qe5+ Bf6 40. Qxe3 Ra4 41. Rd1 Qd5 42. Qe2 Rxd4 43. Rxd4 Qxd4+ 44. Kh1 h4 45. Qb5 Be5 46. Qb7+ Kh6 47. Qb1 Bf4 48. Qf1 Qc3 49. Qb1 Qc1+ 50. Qxc1 Bxc1 51. Kh2 a4 52. Kh3 a3 53. Kxh4 a2 54. g4 a1=Q 0-1


[Site "https://www.chess.com"]

[Event "Titled Tuesday Blitz October 31 Early 2023"]
[White "Buchenau, Frank"]
[Black "Jakubowski, Krzysztof"]
[WhiteFideId "4604350"]
[BlackFideId "1112848"]
[WhiteElo "2463"]
[BlackElo "2677"]
[Result "1-0"]
[Round "7"]
[TimeControl "180+1"]
[Date "2023.10.31"]
[WhiteClock "0:00:05"]
[BlackClock "0:01:16"]
[Board "71"]

1. e4 c5 2. Nf3 e6 3. d4 cxd4 4. Nxd4 a6 5. Bd3 Bc5 6. Nb3 Ba7 7. O-O Ne7 8. c4 Nbc6 9. Qe2 O-O 10. Be3 b6 11. Nc3 f5 12. f4 fxe4 13. Bxe4 Bb7 14. Rad1 Nf5 15. Bf2 Qe8 16. Qd3 Rd8 17. Rfe1 h5 18. Bxf5 Rxf5 19. Qxf5 exf5 20. Rxe8+ Rxe8 21. Rxd7 Ba8 22. Nd5 Re2 23. Nd4 Rxb2 24. Nxc6 Bxc6 25. Ne7+ Kh7 26. Nxc6 Rb1+ 27. Be1 b5+ 28. Rxa7 Rxe1+ 29. Kf2 Ra1 30. cxb5 axb5 31. Ra5 Rc1 32. Nd4 b4 33. Rxf5 Rd1 34. Nf3 Ra1 35. Rxh5+ Kg8 36. Rb5 Rxa2+ 37. Kg3 Rb2 38. h4 g6 39. Kh3 b3 40. Nd4 Rf2 41. Nxb3 Rxf4 42. g3 Rf1 43. Nd4 Kg7 44. Kg4 Ra1 45. Rb7+ Kh6 46. Nf3 Ra4+ 47. Kh3 Ra5 48. Ng5 Ra7 49. Rxa7 Kh5 50. Rh7# 1-0


[Site "https://www.chess.com"]

[Event "Titled Tuesday Blitz October 31 Early 2023"]
[White "Ozates, Tuna"]
[Black "Devaev, Alexander"]
[WhiteFideId "6354521"]
[BlackFideId "4169395"]
[WhiteElo "2669"]
[BlackElo "2463"]
[Result "1-0"]
[Round "7"]
[TimeControl "180+1"]
[Date "2023.10.31"]
[WhiteClock "0:02:03"]
[BlackClock "0:00:00"]
[Board "72"]

1. c4 c5 2. Nc3 e6 3. Nf3 Nf6 4. e3 Nc6 5. d4 cxd4 6. exd4 d5 7. a3 Be7 8. c5 Ne4 9. Bd3 Nxc3 10. bxc3 b6 11. Bb5 Bd7 12. Bxc6 Bxc6 13. Ne5 Rc8 14. cxb6 Qxb6 15. O-O O-O 16. Qg4 Rfd8 17. Bh6 Bf8 18. Rae1 Bb5 19. Bg5 Bxf1 20. Bxd8 Qxd8 21. Kxf1 Rxc3 22. Nxf7 Qf6 23. Ng5 Qf5 24. Qxf5 exf5 25. Re8 Rc7 26. Rxf8+ 1-0


[Site "https://www.chess.com"]

[Event "Titled Tuesday Blitz October 31 Early 2023"]
[White "Herman, Daniel"]
[Black "Sadykov, Ramil"]
[WhiteFideId "30935008"]
[BlackFideId "24113590"]
[WhiteElo "2453"]
[BlackElo "2660"]
[Result "0-1"]
[Round "7"]
[TimeControl "180+1"]
[Date "2023.10.31"]
[WhiteClock "0:00:00"]
[BlackClock "0:00:20"]
[Board "73"]

1. e4 c6 2. d4 d5 3. e5 Bf5 4. Nf3 e6 5. Be2 c5 6. O-O Nc6 7. c3 Qb6 8. Na3 a6 9. dxc5 Bxc5 10. b4 Be7 11. Nc2 Rc8 12. Ncd4 Be4 13. Be3 Qc7 14. Nxc6 Qxc6 15. Nd4 Qc7 16. Qa4+ Qd7 17. Qb3 Nh6 18. Bxh6 gxh6 19. f4 Qc7 20. Rac1 O-O 21. Bf3 Bxf3 22. Rxf3 Kh8 23. Rh3 Qc4 24. Qd1 Rg8 25. Rxh6 Rg7 26. Rc2 a5 27. f5 Bg5 28. Rh5 Be3+ 29. Kh1 Bxd4 30. f6 Rg6 0-1


[Site "https://www.chess.com"]

[Event "Titled Tuesday Blitz October 31 Early 2023"]
[White "MMAHDI2013"]
[Black "Xtrmntr78"]
[WhiteElo "2451"]
[BlackElo "2660"]
[Result "0-1"]
[Round "7"]
[TimeControl "180+1"]
[Date "2023.10.31"]
[WhiteClock "0:00:00"]
[BlackClock "0:00:04"]
[Board "74"]

1. c4 g6 2. Nf3 Bg7 3. g3 b6 4. Bg2 Bb7 5. O-O e6 6. d4 Ne7 7. b3 d6 8. Bb2 Nd7 9. Nc3 h6 10. e4 g5 11. d5 g4 12. Nd2 h5 13. f3 Ne5 14. Qe2 Qd7 15. f4 N5g6 16. dxe6 fxe6 17. f5 Bd4+ 18. Kh1 Ne5 19. fxe6 Qc6 20. Rad1 Bxc3 21. Bxc3 O-O-O 22. Nb1 N7g6 23. Bxe5 Nxe5 24. Nc3 Qe8 25. Nd5 Qxe6 26. Rf6 Qd7 27. Rdf1 h4 28. gxh4 Rxh4 29. Qf2 Bxd5 30. Qxh4 Bc6 31. Qh5 Kb7 32. Qf5 Qg7 33. b4 a6 34. Qf4 Nxc4 35. Rf7 Qb2 36. Qg5 Rc8 37. R7f2 Qxb4 38. Qf4 Ne5 39. Rc2 Ba4 40. Rd2 Bb5 41. Rfd1 Bc6 42. Rd4 Qa3 43. Qd2 Nf3 44. Qd3 Qxa2 45. Bxf3 gxf3 46. Qxf3 Rh8 47. Qg3 Qe2 48. Re1 Qc2 49. Qg2 Qc3 50. Qd2 Qf3+ 51. Qg2 Qf6 52. Rd2 Rh7 53. Rf2 Qe5 54. Qf3 Re7 55. Qf4 Bxe4+ 56. Kg1 Rg7+ 57. Kf1 Bd3+ 58. Ree2 Bxe2+ 0-1


[Site "https://www.chess.com"]

[Event "Titled Tuesday Blitz October 31 Early 2023"]
[White "Bao, Qilin"]
[Black "Liu, Casper"]
[WhiteFideId "8605750"]
[BlackFideId "1454153"]
[WhiteElo "2648"]
[BlackElo "2448"]
[Result "1-0"]
[Round "7"]
[TimeControl "180+1"]
[Date "2023.10.31"]
[WhiteClock "0:01:09"]
[BlackClock "0:00:02"]
[Board "75"]

1. c4 Nf6 2. g3 g6 3. b3 Bg7 4. Bb2 O-O 5. Bg2 Nc6 6. Nf3 Re8 7. d4 d6 8. O-O e5 9. dxe5 Ng4 10. Nbd2 Ngxe5 11. Qc1 Bg4 12. Re1 Qf6 13. Nxe5 Nxe5 14. Bxb7 Rab8 15. Bg2 Qf5 16. f3 Bh3 17. Ne4 Bxg2 18. Kxg2 h5 19. h4 Ng4 20. Bxg7 Kxg7 21. Qc3+ f6 22. Qd3 Re5 23. fxg4 Qxe4+ 24. Qxe4 Rxe4 25. gxh5 gxh5 26. e3 Rbe8 27. Kf3 f5 28. Rad1 Kf6 29. Re2 R8e5 30. Rd4 Rg4 31. b4 Ree4 32. Red2 Ke5 33. Rd5+ Ke6 34. R2d4 Rxd4 35. Rxd4 Rg8 36. Rd5 Rb8 37. a3 Rb7 38. Kf4 c6 39. Rxf5 Rg7 40. Rxh5 Rf7+ 41. Ke4 Rg7 42. Rg5 Rf7 43. Rg6+ Kd7 44. h5 Re7+ 45. Kd4 Rf7 46. h6 1-0


[Site "https://www.chess.com"]

[Event "Titled Tuesday Blitz October 31 Early 2023"]
[White "Kuznetsova, Olga"]
[Black "Kuzhylnyi, Oleksandr"]
[WhiteFideId "4191323"]
[BlackFideId "34110500"]
[WhiteElo "2441"]
[BlackElo "2627"]
[Result "0-1"]
[Round "7"]
[TimeControl "180+1"]
[Date "2023.10.31"]
[WhiteClock "0:00:54"]
[BlackClock "0:01:34"]
[Board "76"]

1. d4 g6 2. Bf4 Bg7 3. e3 d6 4. h4 e5 5. dxe5 dxe5 6. Qxd8+ Kxd8 7. Bg3 Be6 8. Nd2 Nd7 9. Bc4 Bxc4 10. Nxc4 f6 11. h5 Ke7 12. O-O-O Nh6 13. Ne2 Nf5 14. e4 Nd6 15. Nxd6 cxd6 16. h6 Bf8 17. Rd2 Ke6 18. Nc3 Nb6 19. b3 Rc8 20. Kb2 f5 21. f3 Rc6 22. Bf2 Nd7 23. Nd5 a6 24. g4 fxe4 25. fxe4 Nf6 26. Nxf6 Kxf6 27. g5+ Ke6 28. Be3 Be7 29. Rf1 Rf8 30. Rxf8 Bxf8 31. c4 Be7 32. a4 Rc8 33. Rf2 Rf8 34. Rxf8 Bxf8 35. Kc3 Kd7 36. Bb6 Be7 37. b4 Bxg5 0-1


[Site "https://www.chess.com"]

[Event "Titled Tuesday Blitz October 31 Early 2023"]
[White "Pinheiro, Iung Alicio de O."]
[Black "Polaczek, Richard"]
[WhiteFideId "2104350"]
[BlackFideId "200026"]
[WhiteElo "2618"]
[BlackElo "2427"]
[Result "1-0"]
[Round "7"]
[TimeControl "180+1"]
[Date "2023.10.31"]
[WhiteClock "0:01:16"]
[BlackClock "0:01:25"]
[Board "77"]

1. d4 Nf6 2. Nf3 d5 3. Bg5 c5 4. e3 Qb6 5. Nbd2 Nc6 6. dxc5 Qxc5 7. c4 e5 8. Bxf6 gxf6 9. cxd5 Qxd5 10. Bc4 Qa5 11. O-O Be6 12. Bxe6 fxe6 13. Qb3 Nd8 14. Nc4 Qa6 15. Rfd1 Be7 16. a4 Kf7 17. Rd7 Qc6 18. Nfxe5+ 1-0


[Site "https://www.chess.com"]

[Event "Titled Tuesday Blitz October 31 Early 2023"]
[White "Ziatdinov, Raset"]
[Black "Karamsetty, Jeevan"]
[WhiteFideId "2015323"]
[BlackFideId "2025337"]
[WhiteElo "2426"]
[BlackElo "2616"]
[Result "1-0"]
[Round "7"]
[TimeControl "180+1"]
[Date "2023.10.31"]
[WhiteClock "0:00:14"]
[BlackClock "0:00:00"]
[Board "78"]

1. e4 d6 2. d4 Nf6 3. Nc3 e5 4. Nf3 Nbd7 5. Be2 Be7 6. O-O O-O 7. Re1 exd4 8. Nxd4 Nc5 9. Bf3 Re8 10. b4 Na6 11. a3 Bf8 12. Bb2 c6 13. Qd2 Nc7 14. Rad1 Ng4 15. h3 Ne5 16. Be2 Qh4 17. f4 Ng6 18. Rf1 a5 19. b5 cxb5 20. Ndxb5 Nxb5 21. Bxb5 Rd8 22. Nd5 Ne7 23. Ne3 d5 24. exd5 Nf5 25. Nxf5 Bxf5 26. Qf2 Qxf2+ 27. Kxf2 Bxc2 28. Rd2 Be4 29. Rfd1 Bd6 30. a4 Bxf4 31. Rd4 f5 32. d6 Rac8 33. Bc4+ Kf8 34. d7 Rc5 35. Ba3 b6 36. Bxc5+ bxc5 37. Rxe4 fxe4 38. Bb5 Ke7 39. Rd5 Bd6 40. Ke3 g6 41. Kxe4 Ke6 42. Rd3 Be7 43. Rf3 Bh4 44. Rd3 Be7 45. Bc4+ Kf6 46. Rf3+ Kg5 47. Be6 c4 48. Rc3 Kf6 49. Kd5 Rb8 50. Rxc4 Bd8 51. Rc8 Rb1 52. Rxd8 Rd1+ 53. Kc6 Rc1+ 54. Kd6 Rd1+ 55. Bd5 1-0


[Site "https://www.chess.com"]

[Event "Titled Tuesday Blitz October 31 Early 2023"]
[White "Ginzburg, Yakov"]
[Black "Matveeva, Olga"]
[WhiteFideId "4157176"]
[BlackFideId "24107018"]
[WhiteElo "2610"]
[BlackElo "2412"]
[Result "1-0"]
[Round "7"]
[TimeControl "180+1"]
[Date "2023.10.31"]
[WhiteClock "0:02:17"]
[BlackClock "0:02:02"]
[Board "79"]

1. e4 c6 2. d4 d5 3. Nc3 dxe4 4. Nxe4 Nf6 5. Nxf6+ exf6 6. Bc4 Bd6 7. Ne2 O-O 8. O-O b5 9. Bd3 Bb7 10. Ng3 Qc7 11. Qh5 g6 12. Qh6 Re8 13. Nh5 Bxh2+ 14. Kh1 gxh5 15. Bxh7+ Kh8 16. Bg6+ Kg8 17. Qh7+ Kf8 18. Bh6+ Ke7 19. Qxf7+ 1-0


[Site "https://www.chess.com"]

[Event "Titled Tuesday Blitz October 31 Early 2023"]
[White "La Villa Rivas, Marlon Javier"]
[Black "Kim, Sergey"]
[WhiteFideId "3519546"]
[BlackFideId "13700570"]
[WhiteElo "2405"]
[BlackElo "2605"]
[Result "1-0"]
[Round "7"]
[TimeControl "180+1"]
[Date "2023.10.31"]
[WhiteClock "0:02:00"]
[BlackClock "0:01:27"]
[Board "80"]

1. e4 e5 2. Nf3 Nc6 3. Bb5 a6 4. Ba4 Nf6 5. d3 b5 6. Bb3 Bc5 7. Nc3 d6 8. Nd5 h6 9. c3 O-O 10. Nxf6+ Qxf6 11. Bd5 Bd7 12. Rg1 g5 13. g4 Kh8 14. h4 gxh4 15. g5 hxg5 16. Bxg5 Qg6 17. Bxh4 Bg4 18. Bxc6 Bxf3 19. Rxg6 Bxd1 20. Bf6+ Kh7 21. Rg7+ Kh6 22. Bxa8 Bh5 23. Bd5 b4 24. Kd2 Bxf2 25. Rh1 Bg3 26. Rxg3 1-0


[Site "https://www.chess.com"]

[Event "Titled Tuesday Blitz October 31 Early 2023"]
[White "Fernandez, Michael"]
[Black "Bulmaga, Irina"]
[WhiteFideId "5803560"]
[BlackFideId "13903063"]
[WhiteElo "2399"]
[BlackElo "2601"]
[Result "1-0"]
[Round "7"]
[TimeControl "180+1"]
[Date "2023.10.31"]
[WhiteClock "0:01:06"]
[BlackClock "0:01:21"]
[Board "81"]

1. e4 c5 2. Nf3 d6 3. d4 cxd4 4. Nxd4 Nf6 5. Nc3 a6 6. Bg5 Nbd7 7. Bc4 Qb6 8. Qd2 Qc5 9. Bb3 b5 10. f3 Bb7 11. O-O-O Rc8 12. Rhe1 g6 13. Be3 Qc7 14. Nd5 Nxd5 15. Bxd5 Bg7 16. Bxb7 Qxb7 17. Bh6 O-O 18. h4 Ne5 19. Bxg7 Kxg7 20. h5 Nc4 21. Qf4 e5 22. h6+ Kg8 23. Qf6 1-0


[Site "https://www.chess.com"]

[Event "Titled Tuesday Blitz October 31 Early 2023"]
[White "Hoang, Thi Bao Tram"]
[Black "Kovalevsky, Stanislav"]
[WhiteFideId "12401102"]
[BlackFideId "13508598"]
[WhiteElo "2586"]
[BlackElo "2389"]
[Result "0-1"]
[Round "7"]
[TimeControl "180+1"]
[Date "2023.10.31"]
[WhiteClock "0:02:32"]
[BlackClock "0:02:39"]
[Board "82"]

1. d4 d5 2. c4 c6 3. Nc3 Nf6 4. Nf3 e6 5. e3 Ne4 6. Nxe4 dxe4 7. Ne5 Nd7 8. Qg4 Nxe5 9. dxe5 Bb4+ 10. Ke2 Qd3# 0-1


[Site "https://www.chess.com"]

[Event "Titled Tuesday Blitz October 31 Early 2023"]
[White "Omelja, Artem"]
[Black "Seresin, Francesco"]
[WhiteFideId "14119846"]
[BlackFideId "886335"]
[WhiteElo "2578"]
[BlackElo "2388"]
[Result "1/2-1/2"]
[Round "7"]
[TimeControl "180+1"]
[Date "2023.10.31"]
[WhiteClock "0:00:04"]
[BlackClock "0:00:09"]
[Board "83"]

1. e4 d5 2. exd5 Nf6 3. Nc3 Nxd5 4. Bc4 Nb6 5. Bb3 Nc6 6. d4 Bf5 7. Be3 e6 8. h3 Be7 9. Nf3 O-O 10. O-O Bf6 11. a4 a5 12. Re1 Bg6 13. Qd2 Bh5 14. Ne5 Nxe5 15. dxe5 Bxe5 16. Qxd8 Rfxd8 17. Nb5 Bd6 18. g4 Bg6 19. Rad1 Nd5 20. Bxd5 exd5 21. Nxd6 Rxd6 22. Bf4 Rd7 23. c4 d4 24. Rd2 c5 25. b3 f6 26. Rde2 Kf7 27. Kg2 Bd3 28. Rd2 Bg6 29. Rde2 Ra6 30. h4 h5 31. f3 Rb6 32. Re8 Rxb3 33. Bd6 Bd3 34. gxh5 Rb2+ 35. Kg3 Re2 36. R1xe2 Bxe2 37. Rf8+ Ke6 38. Bxc5 d3 39. Re8+ Kf5 40. Be3 d2 41. Bxd2 Rxd2 42. Re7 Bxc4 43. Rxb7 Bf1 44. Ra7 Rg2+ 45. Kh3 Ra2+ 46. Kg3 Rg2+ 47. Kh3 Rg1+ 48. Kh2 Rg2+ 49. Kh3 1/2-1/2


[Site "https://www.chess.com"]

[Event "Titled Tuesday Blitz October 31 Early 2023"]
[White "brm72"]
[Black "Dmitrenko, Viktor"]
[BlackFideId "14110270"]
[WhiteElo "2577"]
[BlackElo "2379"]
[Result "1-0"]
[Round "7"]
[TimeControl "180+1"]
[Date "2023.10.31"]
[WhiteClock "0:00:41"]
[BlackClock "0:00:02"]
[Board "84"]

1. d4 d5 2. c4 e6 3. Nf3 c5 4. Nc3 Nc6 5. cxd5 exd5 6. g3 Nf6 7. Bg2 cxd4 8. Nxd4 Bc5 9. Nb3 Bb6 10. O-O d4 11. Ne4 Nxe4 12. Bxe4 O-O 13. Bg2 Re8 14. Bf4 Bg4 15. Re1 Rc8 16. h3 Be6 17. a3 Qd7 18. Kh2 Bd5 19. Nd2 Bxg2 20. Kxg2 h6 21. h4 Qd5+ 22. Nf3 Rcd8 23. Qd3 Na5 24. b4 Nc4 25. Rac1 Ne5 26. Bxe5 Rxe5 27. Kg1 Re6 28. Red1 Qe4 29. Kf1 Rde8 30. Qxe4 Rxe4 31. Rc2 f6 32. Rd3 g5 33. hxg5 hxg5 34. Rcd2 Rd8 35. e3 Rc8 36. Nxd4 Bxd4 37. Rxd4 Rxd4 38. Rxd4 Rc3 39. Rd8+ Kf7 40. Rd7+ Ke6 41. Rxb7 Rxa3 42. g4 Ke5 43. Kg2 Ra4 44. Kf3 a5 45. Rb5+ Ke6 46. bxa5 Kd6 47. Rb6+ Ke5 48. a6 Ra1 49. Kg3 Ra2 50. f4+ gxf4+ 51. exf4+ Ke4 52. Rxf6 Ra3+ 53. Kh4 Ra5 54. f5 Kf4 55. Kh5 Ra1 56. Rc6 Rh1+ 57. Kg6 Kxg4 58. f6 Ra1 59. f7 Rf1 60. Rc4+ 1-0


[Site "https://www.chess.com"]

[Event "Titled Tuesday Blitz October 31 Early 2023"]
[White "secrethawk1"]
[Black "Ergali_Suleimen"]
[WhiteElo "2367"]
[BlackElo "2574"]
[Result "0-1"]
[Round "7"]
[TimeControl "180+1"]
[Date "2023.10.31"]
[WhiteClock "0:00:00"]
[BlackClock "0:00:20"]
[Board "85"]

1. e4 c5 2. Nf3 Nc6 3. d4 cxd4 4. Nxd4 e6 5. Nc3 Qc7 6. g4 a6 7. Nxc6 bxc6 8. Be3 d5 9. Qd2 Rb8 10. O-O-O Nf6 11. g5 Nd7 12. exd5 cxd5 13. Bf4 Bd6 14. Bxd6 Qxd6 15. b3 O-O 16. Bd3 Nc5 17. h4 Bd7 18. h5 Rfc8 19. g6 fxg6 20. hxg6 h6 21. Rdg1 d4 22. Nd1 Na4 23. Kb1 Nc3+ 24. Nxc3 dxc3 25. Qe3 Qa3 26. Qc1 Qxc1+ 27. Kxc1 Rf8 28. Rh2 a5 29. a4 Bc6 30. Rf1 Bd5 31. f4 Rf6 32. Rh5 Rbf8 33. Rh4 Re8 34. Kd1 e5 35. fxe5 Rxf1+ 36. Bxf1 Rxe5 37. Rh3 Be6 38. Be2 Bxh3 39. Bc4+ Kh8 0-1


[Site "https://www.chess.com"]